 Dungeon Sprint DCSS version 0.30-a0-1114-gd936c97349 (webtiles) character file.

Game seed: 8431416252634857635

12530 Conn the Scholar (level 11, -8/64 HPs)
             Began as an Octopode Fire Elementalist on Apr 21, 2023.
             Was an Elder of Sif Muna.
             Mangled by a hellephant (34 damage)
             ... in the Dungeon (Sprint II: "The Violet Keep of Menkaure").
             The game lasted 01:13:30 (4597 turns).

Conn the Scholar (Octopode Fire Elementalist)       Turns: 4597, Time: 01:13:34

Health: -8/64      AC:  1    Str:  6    XL:     11   Next: 94%
Magic:  24/28      EV: 20    Int: 26    God:    Sif Muna [****..]
Gold:   107        SH:  5    Dex: 12    Spells: 4/37 levels left

rFire   + . .      SeeInvis .    n - staff of poison
rCold   x . .      Faith    .    (no shield)
rNeg    . . .      Spirit   .    (helmet restricted)
rPois   +          Reflect  +    m - amulet of reflection
rElec   .          Rampage  .    e - +5 ring of evasion
rCorr   +          NoTele   +    h - ring of resist corrosion
Will    .....                    q - ring of fire
Stlth   +++++                    (no ring)
HPRegen 0.30/turn                (no ring)
MPRegen 0.21/turn                (no ring)
                                 (no ring)
                                 (no ring)

@: no status effects
A: almost no armour, amphibious, 8 rings, camouflage 1, gelatinous body 1,
(nimble swimmer 1), tentacles, clever 1, deterioration 1, screaming 1
a: Renounce Religion, Channel Magic, Forget Spell, Divine Exegesis


You were in the Dungeon.
You worshipped Sif Muna.
Sif Muna was greatly pleased with you.
You visited 1 branch You collected 1679 gold pieces.
You spent 1572 gold pieces at shops.

Inventory:

Hand Weapons
 o - the +6 spear of Contention {drain, MP+9 Int+2}
   (You bought it in a shop in the Dungeon)

   Int:       It affects your intelligence (+2).
   MP:        It affects your magic capacity (+9).
Magical Staves
 n - a staff of poison (weapon)
Jewellery
 e - a +5 ring of evasion (left tentacle)
 h - a ring of resist corrosion (right tentacle)
 m - an amulet of reflection (around mantle)
 q - a ring of fire (on tentacle)
Scrolls
 d - a scroll of identify
 k - a scroll of enchant weapon
 l - a scroll of blinking
 p - 2 scrolls of immolation
Potions
 a - 4 potions of magic
 b - a potion of curing
 c - a potion of heal wounds
 f - a potion of mutation
 g - 3 potions of haste
 i - 4 potions of flight
 j - a potion of resistance


   Skills:
 - Level 2.2 Fighting
 - Level 1.3 Staves
 - Level 6.5 Dodging
 - Level 7.7 Stealth
 - Level 5.6 Shields
 - Level 13.6 Spellcasting
 - Level 10.5 Conjurations
 - Level 4.0 Hexes
 - Level 5.0 Translocations
 - Level 13.9 Fire Magic
 - Level 7.9 Ice Magic
 + Level 14.5 Invocations


You had 4 spell levels left.
You knew the following spells:

 Your Spells              Type           Power      Damage    Failure   Level
a - Foxfire               Conj/Fire      100%       2x1d9     1%          1
b - Scorch                Fire           100%       2d9       0%          2
c - Inner Flame           Hex/Fire       77%        N/A       1%          3
d - Flame Wave            Conj/Fire      89%        2d19      1%          4
e - Blink                 Tloc           86%        N/A       1%          2
f - Ozocubu's Armour      Ice            56%        N/A       1%          3
g - Metabolic Englaciati  Hex/Ice        24%        N/A       8%          5
h - Iskenderun's Mystic   Conj/Tloc      55%        2d12      1%          4
i - Starburst             Conj/Fire      44%        6d12      3%          6
j - Stone Arrow           Conj/Erth      90%        3d12      1%          3

Your spell library contained the following spells:

 Spells                   Type           Power      Damage    Failure   Level
 Magic Dart               Conj           100%       1d8       1%          1
 Lesser Beckoning         Tloc           86%        N/A       1%          2
 Momentum Strike          Conj/Tloc      100%       3d10      1%          2
 Volatile Blastmotes      Fire/Tloc      100%       2d18      1%          3
 Fulminant Prism          Conj/Hex       26%        3d13      1%          4
 Sticky Flame             Conj/Fire      89%        2d10      1%          4
 Iskenderun's Battlesphe  Conj           64%        2d11      1%          5
 Conjure Ball Lightning   Conj/Air       22%        3x3d6     50%         6
 Lee's Rapid Deconstruct  Erth           8%         3d7*      65%         5
 Simulacrum               Ice/Necr       19%        N/A       67%         6
 Discord                  Hex            19%        N/A       100%        8
 Disjunction              Tloc           21%        N/A       100%        8
 Lehudib's Crystal Spear  Conj/Erth      22%        10d6      100%        8
 Fire Storm               Conj/Fire      44%        8d11      100%        9
 Shatter                  Erth           8%         3d10*     100%        9


Dungeon Overview and Level Annotations

Branches:
Dungeon (1/1)

Altars:
Cheibriados
Dithmenos
Elyvilon
Fedhas
Gozag
Hepliaklqana
Kikubaaqudgha
Makhleb
Nemelex Xobeh
Okawaru
Qazlal
Ru
Sif Muna
Trog
Uskayaw
Vehumet
Wu Jian
Xom
Yredelemnul
Zin
The Shining One
Jiyva
Lugonu

Shops:
D :!*:[((*?*=[[:=!!*:

Annotations:
D exclusions: oklob plant and orange crystal statue, Kirke


Innate Abilities, Weirdness & Mutations

You cannot wear most types of armour.
You are amphibious.
You can wear up to eight rings at the same time.
Your skin changes colour to match your surroundings (Stealth+).
Your rubbery body absorbs attacks. (AC +1, EV +1)
((You are camouflaged when in or above water. (Stealth+)))
You have tentacles for arms and can constrict up to eight enemies at once.
Your mind is acute. (Int +4, Str/Dex -1)
Your body sometimes deteriorates upon taking damage.
You occasionally shout uncontrollably at your foes.


Message History

The hellephant closely misses you. The hellephant bites you.
The hellephant completely misses you.
Unknown command.
Unknown command.
Magic courses through your body. The quokka misses you.
The hellephant is engulfed in blazing flames.
The hellephant breathes flames at you. The blast of flame hits you!!
You resist.
Ouch! That really hurt!
Okay, then.
Unknown command.
Unknown command.
Unknown command.
Casting: Ozocubu's Armour (safe; 1% risk of failure)
Confirm with . or Enter, or press ? or * to list all spells.
Okay, then.
Unknown command.
Unknown command.
Okay, then.
Unknown command.
Unknown command.
Unknown command.
Unknown command.
You feel much better. The quokka bites you.
The hellephant is engulfed in blazing flames.
The hellephant tramples you!!
You stumble backwards!
Casting: Ozocubu's Armour (safe; 1% risk of failure)
Confirm with . or Enter, or press ? or * to list all spells.
You erupt in a blast of force!
The mystic blast hits the frilled lizard!
You kill the frilled lizard!
The frilled lizard's corpse dissolves into shadows!
The mystic blast hits the quokka!
You kill the quokka!
The quokka's corpse dissolves into shadows!
The mystic blast hits the hellephant but does no damage.
The hellephant is heavily wounded.
The hellephant tramples you!!
Ouch! That really hurt!
You die...

..▓ ▓▓+▓▓▓▓.▓ ##
+..○▓0..▓ .###
#.○.▓▓▓▓▓▓▓▓▓▓
...###...▓≈§≈≈≈≈≈≈▓▓
...#.##°}▓▓▓▓▓▓▓▓▓▓▓
...#..#[:▓(.[.(..(▓▓
##.#..#}[▓.((.[..)▓▓
.'.##.#[)▓.(..[[@.▓▓
..▓
.#...####▓).)...Y.▓▓
$.▓
###..##.#▓...().§§▓▓
Y.▓
..'..#..#▓(.)([§§§▓▓
$.▓
..#..#..#▓...[[.§§▓▓
⌠.▓
###^.##.#▓....[)G.▓▓
Y.▓
.###...##▓▓▓▓▓▓▓'▓▓▓▓q▓
...~~~)~~~~~~~~~...≈§§▓
...~#'########'###.≈≈≈▓


You could see a hellephant (catching breath) and a glowing orange brain (inner
flame).

Vanquished Creatures
  A deep elf master archer (D)
  A kraken (D)
  Nessos (D)
  A crystal guardian (D)
  2 boulder beetles (D)
  A death yak (D)
  Sonja (D)
  2 deep trolls (D)
  2 death drakes (D)
  3 shining eyes (D)
  A merfolk siren (D)
  An ice statue (D)
  A yaktaur (D)
  2 polar bears (D)
  A hornet (D)
  3 yaks (D)
  4 water moccasins (D)
  2 swamp drakes (D)
  4 necrophages (D)
  4 scorpions (D)
  9 electric eels (D)
  A hell rat (D)
  A tentacle (D)
49 creatures vanquished.

Vanquished Creatures (others)
  A polar bear (D)
  Menkaure (D)
  A water moccasin (D)
  456 foxfires (D)
  129 tentacles (D)
588 creatures vanquished.

Grand Total: 637 creatures vanquished

Notes
Turn   | Place    | Note
-------+----------+-------------------------------------------
     0 | D        | Conn the Octopode Fire Elementalist began the quest for the
                  | Orb.
     0 | D        | Reached XP level 1. HP: 11/11 MP: 3/3
     2 | D        | Noticed a merfolk siren
     5 | D        | Noticed a boulder beetle
     5 | D        | Noticed a boulder beetle
     9 | D        | Noticed a necrophage
     9 | D        | Noticed a necrophage
     9 | D        | Noticed a necrophage
     9 | D        | Noticed a necrophage
    14 | D        | Killed a necrophage
    15 | D        | Reached XP level 2. HP: 17/17 MP: 2/6
    15 | D        | Reached XP level 3. HP: 21/21 MP: 2/8
    15 | D        | Reached XP level 4. HP: 27/27 MP: 2/9
    20 | D        | Killed a necrophage
    21 | D        | Reached XP level 5. HP: 28/32 MP: 2/11
    27 | D        | Reached skill level 5 in Stealth
    30 | D        | Reached skill level 5 in Dodging
    30 | D        | Reached skill level 5 in Spellcasting
    30 | D        | Reached XP level 6. HP: 23/37 MP: 3/13
    39 | D        | Killed a water moccasin
    40 | D        | Learned a level 2 spell: Scorch
    44 | D        | Learned a level 3 spell: Inner Flame
    49 | D        | Learned a level 4 spell: Flame Wave
    99 | D        | Killed Menkaure
   104 | D        | Noticed an ice statue
   106 | D        | Noticed a water moccasin
   110 | D        | Killed a water moccasin
   111 | D        | Reached skill level 1 in Fighting
   111 | D        | Reached skill level 10 in Fire Magic
   120 | D        | Found a snail-covered altar of Cheibriados.
   121 | D        | Found a shadowy altar of Dithmenos.
   122 | D        | Found a white marble altar of Elyvilon.
   122 | D        | Found an ancient bone altar of Kikubaaqudgha.
   122 | D        | Found a viscous altar of Jiyva.
   123 | D        | Found a blossoming altar of Fedhas.
   123 | D        | Found a corrupted altar of Lugonu.
   123 | D        | Found a shimmering blue altar of Sif Muna.
   124 | D        | Found an opulent altar of Gozag.
   124 | D        | Found a burning altar of Makhleb.
   124 | D        | Found a bloodstained altar of Trog.
   125 | D        | Found a sparkling altar of Nemelex Xobeh.
   125 | D        | Found a hide-covered altar of Uskayaw.
   126 | D        | Found a basalt altar of Yredelemnul.
   127 | D        | Found an iron altar of Okawaru.
   127 | D        | Found a radiant altar of Vehumet.
   127 | D        | Found a glowing silver altar of Zin.
   127 | D        | Found a hazy altar of Hepliaklqana.
   127 | D        | Found a sacrificial altar of Ru.
   127 | D        | Found a shimmering altar of Xom.
   128 | D        | Found a stormy altar of Qazlal.
   128 | D        | Found an ornate altar of the Wu Jian Council.
   128 | D        | Found a glowing golden altar of the Shining One.
   130 | D        | Noticed a water moccasin
   130 | D        | Noticed a water moccasin
   134 | D        | Became a worshipper of Sif Muna the Loreminder
   148 | D        | Noticed a water moccasin
   149 | D        | Noticed a kraken
   276 | D        | Gained mutation: You are partially covered in iridescent
                  | scales. (AC +2) [potion of mutation]
   367 | D        | Noticed a yaktaur
   367 | D        | Noticed a hornet
   367 | D        | Noticed a polar bear
   398 | D        | Reached skill level 1 in Invocations
   398 | D        | Reached XP level 7. HP: 23/43 MP: 4/17
   407 | D        | Reached * piety under Sif Muna
   408 | D        | Reached skill level 2 in Invocations
   431 | D        | Found Muraq's Distillery.
   432 | D        | Found Zepsalik's Book Boutique.
   432 | D        | Found Zurub's Antique Armour Shop.
   432 | D        | Found Beomo's Antique Weapon Boutique.
   432 | D        | Found Etounkat's Weapon Shop.
   432 | D        | Found Wullidgho's Assorted Antiques.
   432 | D        | Found Kecvanal's Armour Shop.
   432 | D        | Found Uhoq's Antique Armour Boutique.
   432 | D        | Found Zeffeeh's Jewellery Shop.
   432 | D        | Found Galatan's Magic Scroll Boutique.
   433 | D        | Found Casaosm's Book Shop.
   433 | D        | Found Quod's General Store.
   434 | D        | Found Fech's Distillery.
   434 | D        | Found Nosen's Jewellery Shop.
   469 | D        | Noticed an oklob plant
   470 | D        | Found Renecafasch's Book Shoppe.
   471 | D        | Noticed an ice dragon
   478 | D        | Bought a book of Spatial Translocations for 234 gold pieces
   481 | D        | Learned a level 2 spell: Blink
   489 | D        | Bought a warped spear for 176 gold pieces
   489 | D        | Identified the +6 spear of Contention {drain, MP+9 Int+2}
                  | (You bought it in a shop in the Dungeon)
   534 | D        | Killed a merfolk siren
   534 | D        | Reached ** piety under Sif Muna
   535 | D        | Reached skill level 4 in Invocations
   535 | D        | Reached XP level 8. HP: 50/50 MP: 6/20
   587 | D        | Bought a book of Winter for 442 gold pieces
   591 | D        | Learned a level 3 spell: Ozocubu's Armour
   602 | D        | Noticed an orange crystal statue
   619 | D        | Noticed a polar bear
   620 | D        | Noticed a polar bear
   644 | D        | Killed a polar bear
   644 | D        | Killed a hornet
   645 | D        | Reached skill level 1 in Staves
   645 | D        | Reached skill level 5 in Conjurations
   645 | D        | Reached skill level 1 in Ice Magic
   647 | D        | Killed a polar bear
   647 | D        | Killed a yaktaur
   647 | D        | Reached *** piety under Sif Muna
   648 | D        | Reached skill level 10 in Spellcasting
   648 | D        | Reached skill level 1 in Hexes
   648 | D        | Reached skill level 5 in Invocations
   648 | D        | Reached XP level 9. HP: 34/54 MP: 1/23
   662 | D        | Noticed a death drake
   664 | D        | Noticed a death drake
   669 | D        | Killed a polar bear
   676 | D        | Killed a death drake
   677 | D        | Reached skill level 6 in Invocations
   683 | D        | Killed a death drake
   758 | D        | Learned a level 5 spell: Metabolic Englaciation
  1019 | D        | Reached **** piety under Sif Muna
  1020 | D        | Reached XP level 10. HP: 50/60 MP: 15/25
  1117 | D        | Noticed a crystal guardian
  1175 | D        | Noticed a centaur warrior
  1175 | D        | Noticed Kirke
  1175 | D        | Noticed a yaktaur captain
  1176 | D        | Noticed a skeletal warrior
  1526 | D        | Reached ***** piety under Sif Muna
  1526 | D        | Received a gift from Sif Muna
  1527 | D        | Reached skill level 5 in Shields
  1697 | D        | Got Sif Muna's Anthology of Conflict {god gift}
  1704 | D        | Learned a level 5 spell: Iskenderun's Battlesphere
  1750 | D        | Noticed a sixfirhy
  1753 | D        | Noticed a sixfirhy
  1760 | D        | Noticed a sixfirhy
  1767 | D        | Found Loejuran's Book Shoppe.
  1768 | D        | Found Coejot's Assorted Antiques.
  1772 | D        | Identified the +9 trident of Terror {holy, rF+ Dex+3}
  1796 | D        | Found Oddime's Assorted Antiques.
  1798 | D        | Found Etsack's Distillery.
  1800 | D        | Noticed Nessos
  1814 | D        | Killed Nessos
  1815 | D        | Reached skill level 5 in Ice Magic
  1815 | D        | Reached skill level 7 in Invocations
  1996 | D        | Noticed a deep troll
  1996 | D        | Noticed a deep troll
  2010 | D        | Killed a deep troll
  2010 | D        | Received a gift from Sif Muna
  2019 | D        | Killed a deep troll
  2020 | D        | Reached skill level 8 in Invocations
  2882 | D        | Killed a crystal guardian
  3097 | D        | Noticed a deep elf master archer
  3180 | D        | Received a gift from Sif Muna
  3181 | D        | Reached XP level 11. HP: 48/64 MP: 11/27
  3187 | D        | Got Pafeqo's Enchiridion on the Flinty Sun {god gift}
  3195 | D        | Learned a level 6 spell: Starburst
  3199 | D        | Learned a level 3 spell: Stone Arrow
  3266 | D        | Noticed a death yak
  3315 | D        | Killed a death yak
  3478 | D        | Killed a deep elf master archer
  3479 | D        | Reached skill level 10 in Conjurations
  3479 | D        | Reached skill level 9 in Invocations
  3611 | D        | Noticed a shining eye
  3611 | D        | Noticed a shining eye
  3611 | D        | Noticed a shining eye
  3623 | D        | Killed a shining eye
  3624 | D        | Gained mutation: Your body sometimes deteriorates upon
                  | taking damage. [a shining eye]
  3625 | D        | Killed a shining eye
  3626 | D        | Reached skill level 5 in Translocations
  3627 | D        | Gained mutation: Your spells are a little easier to cast,
                  | but a little less powerful. [a shining eye]
  3628 | D        | Killed a shining eye
  3634 | D        | Lost mutation: Your body sometimes deteriorates upon taking
                  | damage. [potion of mutation]
  3634 | D        | Lost mutation: You are partially covered in iridescent
                  | scales. (AC +2) [potion of mutation]
  3634 | D        | Lost mutation: Your spells are a little easier to cast, but
                  | a little less powerful. [potion of mutation]
  3634 | D        | Gained mutation: Your body sometimes deteriorates upon
                  | taking damage. [potion of mutation]
  3634 | D        | Gained mutation: You occasionally shout uncontrollably at
                  | your foes. [potion of mutation]
  3634 | D        | Gained mutation: Your mind is acute. (Int +4, Str/Dex -1)
                  | [potion of mutation]
  3809 | D        | Killed a boulder beetle
  3810 | D        | Reached skill level 10 in Invocations
  3810 | D        | Killed a boulder beetle
  3811 | D        | Reached skill level 11 in Invocations
  3852 | D        | Bought a ring of resist corrosion for 280 gold pieces
  3852 | D        | Bought a ring of fire for 350 gold pieces
  4106 | D        | Reached skill level 12 in Invocations
  4212 | D        | Bought a scroll of blinking for 90 gold pieces
  4469 | D        | Killed a kraken
  4469 | D        | Received a gift from Sif Muna
  4470 | D        | Reached skill level 13 in Invocations
  4477 | D        | Learned a level 4 spell: Iskenderun's Mystic Blast
  4573 | D        | Noticed a hellephant
  4573 | D        | Noticed a glowing orange brain
  4573 | D        | Noticed Sonja
  4588 | D        | Noticed a purple draconian shifter
  4592 | D        | Killed Sonja
  4593 | D        | Reached skill level 14 in Invocations
  4597 | D        | Mangled by a hellephant

Illustrated notes

Levels and vault maps discovered:
D:        the_violet_keep_of_menkaure [sprint2_stairs_cluster_1,
          sprint2_shoproom, sprint2_temple, sprint2_basic_supplies,
          sprint2_obstacle_4, sprint2_obstacle_7, sprint2_obstacle_2,
          sprint2_obstacle_3, sprint2_obstacle_5, sprint2_timed_cluster_1,
          sprint2_smallroom_cluster_1, sprint2_smallroom_final_cluster_1,
          sprint2_transparent_cluster_1, sprint2_second_timed_cluster_1,
          sprint2_sniper_area_1, sprint2_heavy_combat_area_1,
          sprint2_mutation_trap_area_1, sprint2_forest_area_1,
          sprint2_light_combat_area_1, sprint2_behind_water_1,
          sprint2_near_end_vault_1]

Skill      XL: |  1  2  3  4  5  6  7  8  9 10 11 |
---------------+----------------------------------+-----
Dodging        | 3 4 5 6 |  6.5
Stealth        | 4 5 6 7 |  7.7
Spellcasting   | 3 4 5 6 8 10 11 12 13 | 13.6
Fire Magic     | 6 7 9 10 11 12 13 | 13.9
Fighting       | 1 2 |  2.2
Conjurations   | 3 4 5 6 9 10 | 10.5
Invocations    | 1 4 5 6 8 14 | 14.5
Translocations | 2 3 4 5 |  5.0
Staves         | 1 |  1.3
Shields        | 2 4 5 |  5.6
Ice Magic      | 2 4 6 7 |  7.9
Hexes          | 1 2 4 |  4.0

Action                     |  1- 3 |  4- 6 |  7- 9 | 10-12 || total
---------------------------+-------+-------+-------+-------++-------
  Melee: Unarmed           |     3 |    14 |       |       ||    17
         Constrict         |     1 |     3 |     2 |       ||     6
         Tentacles         |     1 |     2 |     5 |     1 ||     9
         Staff             |       |       |    16 |     1 ||    17
   Cast: Foxfire           |     1 |    11 |    35 |   224 ||   271
         Scorch            |       |     6 |    16 |    34 ||    56
         Flame Wave        |       |     1 |     3 |    12 ||    16
         Inner Flame       |       |       |     9 |    13 ||    22
         Ozocubu's Armour  |       |       |     1 |     5 ||     6
         Blink             |       |       |     2 |     4 ||     6
         Iskenderun's Batt |       |       |       |    17 ||    17
         Metabolic Englaci |       |       |       |     7 ||     7
         Starburst         |       |       |       |     8 ||     8
         Iskenderun's Myst |       |       |       |     4 ||     4
         Stone Arrow       |       |       |       |     1 ||     1
 Invoke: Channel Magic     |       |       |     1 |     2 ||     3
         Forget Spell      |       |       |       |     1 ||     1
    Use: Potion            |     2 |     3 |     4 |    10 ||    19
         Scroll            |       |     2 |     2 |     2 ||     6
 Armour: Skin              |       |       |     3 |       ||     3
  Dodge: Dodged            |       |     8 |    17 |    24 ||    49
  Block: Other             |       |       |     5 |     2 ||     7
         Reflection        |       |       |       |     1 ||     1

Table legend: (Time is in decaauts)
 A = Elapsed time spent in this place.
 B = Non-inter-level travel time spent in this place.
 C = Inter-level travel time spent in this place.
 D = Time resting spent in this place.
 E = Time spent auto-exploring this place.
 F = Levels seen in this place.
 G = Mean time per level.
                   A        B        C        D        E       F      G
               +--------+--------+--------+--------+--------+-----+--------+
         Total |   4562 |   4539 |     23 |   2227 |      0 |   1 | 4562.0 |
       Dungeon |   4562 |   4539 |     23 |   2227 |      0 |   1 | 4562.0 |
               +--------+--------+--------+--------+--------+-----+--------+

Top non-repeatable levels by time:
       D: 4562 daAuts
